 Dungeon Crawl Stone Soup version 0.28-a0-239-g68911e0c57 (webtiles) character file.

Game seed: 15837737377578997193

637 Colgate the Cleaver (level 7, -2/60 HPs)
             Began as a Minotaur Fighter on Aug 23, 2021.
             Was an Initiate of Makhleb.
             Slain by a scorpion (7 damage)
             ... on level 4 of the Dungeon.
             The game lasted 00:02:20 (3487 turns).

Colgate the Cleaver (Minotaur Fighter)              Turns: 3487, Time: 00:02:20

Health: -2/60      AC:  9    Str: 23    XL:     7   Next: 25%
Magic:  6/6        EV:  6    Int:  5    God:    Makhleb [......]
Gold:   110        SH:  8    Dex:  9    Spells: 6/6 levels left

rFire   . . .      SeeInvis .   Y - +0 war axe
rCold   . . .      Faith    .   c - +0 kite shield
rNeg    . . .      Spirit   .   i - +0 chain mail
rPois   .          Reflect  .   (helmet restricted)
rElec   .          Harm     .   (no cloak)
rCorr   .          Rampage  .   (no gloves)
Will    .....                   (no boots)
Stlth   ..........              (no amulet)
HPRegen 0.20/turn               (no ring)
MPRegen 0.10/turn               (no ring)

@: lethally poisoned (-2 -> -6)
A: horns 2, retaliatory headbutt
a: Renounce Religion


You were on level 4 of the Dungeon.
You worshipped Makhleb.
Makhleb was noncommittal.
You visited 2 branches of the dungeon, and saw 5 of its levels.

You collected 165 gold pieces.
You spent 55 gold pieces at shops.


Innate Abilities, Weirdness & Mutations

You have a pair of horns on your head.
You reflexively headbutt those who attack you in melee.


   Skills:
 + Level 4.7 Fighting
 - Level 9.0 Axes
 - Level 3.6 Armour
 - Level 1.0 Dodging
 - Level 4.0 Shields


You had 6 spell levels left.
You didn't know any spells.
Your spell library was empty.

Inventory:

Hand Weapons
 a - a +0 morningstar
 Y - a +0 war axe (weapon)
Armour
 c - a +0 kite shield (worn)
 i - a +0 chain mail (worn)
Scrolls
 g - 3 scrolls of teleportation
 h - a scroll of identify
Potions
 b - a potion of attraction {unknown}
 d - a potion of might
 e - a potion of curing {unknown}
 f - a potion of berserk rage {unknown}

Dungeon Overview and Level Annotations

Branches:
Dungeon (4/15)             Temple (1/1) D:4

Altars:
Ashenzari
Cheibriados
Dithmenos
Elyvilon
Fedhas
Gozag
Hepliaklqana
Kikubaaqudgha
Makhleb
Nemelex Xobeh
Okawaru
Qazlal
Ru
Sif Muna
Trog
Uskayaw
Vehumet
Wu Jian
Yredelemnul
Zin
The Shining One

Shops:
D:2 !


Message History

You block the scorpion's attack. The orc hits you but does no damage.
The bullfrog skeleton hits you but does no damage.
The scorpion stings you but does no damage.
You slash the bullfrog skeleton!
You destroy the bullfrog skeleton!
Makhleb accepts your kill.
You closely miss the orc. You hit the scorpion but do no damage.
You feel very sick. The orc closely misses you. You furiously retaliate!
You headbutt the orc!
You kill the orc!
Makhleb accepts your kill. You block the scorpion's attack.
You hit the scorpion.
The scorpion is severely wounded.
You feel very sick.
The scorpion stings you but does no damage.
The scorpion stings you.
You barely miss the scorpion. Your headbutt misses the scorpion.
The scorpion is severely wounded.
You feel sick.
The scorpion stings you but does no damage.
You hit the scorpion but do no damage. Your headbutt misses the scorpion.
The scorpion is severely wounded.
You feel sick. You block the scorpion's attack. x2
You hit the scorpion but do no damage. You headbutt the scorpion.
The scorpion is severely wounded.
You feel sick. The scorpion stings you.
You are more poisoned.
The scorpion poisons you!
You hit the scorpion.
The scorpion is almost dead.
You feel very sick. The scorpion completely misses you.
You block the scorpion's attack.
You closely miss the scorpion.
The scorpion is almost dead.
You feel sick. You block the scorpion's attack.
You barely miss the scorpion. Your headbutt misses the scorpion.
The scorpion is almost dead.
You feel sick. The scorpion stings you!
You die...

.. #.#
#.# #.#
.. #.#
#.##.#
#..#.#
#.#.#
.####...#
......s.#
......)@#
..#+#.))#
. +...#
#...#
....#
.....#
.......
...$....


You could see a scorpion.

Vanquished Creatures
  A necrophage (D:4)
  Blork the orc (D:4)
  A scorpion (D:4)
  A hound (D:4)
  4 jellies
  A bullfrog skeleton (D:4)
  2 orc wizards (D:4)
  A hound skeleton (D:4)
  A gnoll (D:1)
  6 adders
  16 orcs
  4 ball pythons
  2 bats (D:1)
  12 endoplasms
  5 giant cockroaches
  8 goblins
  6 hobgoblins
  11 jackals
  3 quokkas
  A frilled lizard (D:2)
  13 kobolds
  4 rats
104 creatures vanquished.

Vanquished Creatures (others)
  2 fungi (D:2)
  8 toadstools (D:2)
10 creatures vanquished.

Grand Total: 114 creatures vanquished

Notes
Turn   | Place    | Note
-------+----------+-------------------------------------------
     0 | D:1      | Colgate the Minotaur Fighter began the quest for the Orb.
     0 | D:1      | Reached XP level 1. HP: 19/19 MP: 0/0
     0 | D:1      | 0 ||| counter = 21
    44 | D:1      | Reached skill level 3 in Axes
   123 | D:1      | Found a faded altar of an unknown god.
   260 | D:1      | Reached XP level 2. HP: 26/26 MP: 1/1
   409 | D:1      | 409 ||| DROPPING +0 club.
   490 | D:1      | Reached skill level 4 in Axes
   721 | D:1      | Reached XP level 3. HP: 26/31 MP: 2/2
   913 | D:1      | 913 ||| READING scroll labelled EREWNYZUKO.
   914 | D:1      | 914 ||| READING scroll labelled FOIHAPRAJU.
   915 | D:1      | 915 ||| READING 4 scrolls labelled FIFRAJ XEURCH.
   928 | D:2      | 928 ||| STAIRDANCE
  1008 | D:2      | Found Umyqain's Distillery.
  1013 | D:2      | 1013 ||| SHOPLISTING potion of experience (550 gold, have
                  | 58).
  1013 | D:2      | 1013 ||| SHOPLISTING potion of haste (110 gold, have 58).
  1013 | D:2      | 1013 ||| BUYING potion of heal wounds (55 gold).
  1013 | D:2      | Bought a potion of heal wounds for 55 gold pieces
  1013 | D:2      | 1013 ||| SHOPLISTING potion of heal wounds (55 gold, have
                  | 3).
  1013 | D:2      | 1013 ||| SHOPLISTING potion of might (44 gold, have 3).
  1198 | D:2      | Reached skill level 5 in Axes
  1351 | D:2      | Reached skill level 1 in Dodging
  1427 | D:2      | Reached XP level 4. HP: 37/39 MP: 3/3
  1480 | D:2      | Reached skill level 6 in Axes
  1480 | D:2      | HP: 3/39 [acid (8)]
  1481 | D:2      | 1481 ||| DRINKING potion of heal wounds.
  1483 | D:2      | Reached XP level 5. HP: 29/45 MP: 4/4
  1762 | D:2      | 1762 ||| DRINKING 2 sedimented golden potions.
  1801 | D:2      | 1801 ||| DROPPING potion of lignification.
  1978 | D:3      | Reached skill level 7 in Axes
  2025 | D:3      | 2025 ||| STAIRDANCE
  2082 | D:2      | 2082 ||| READING scroll labelled DEOSEAWO CAOR.
  2087 | D:3      | 2087 ||| DROPPING +0 mace.
  2458 | D:3      | Reached XP level 6. HP: 50/52 MP: 5/5
  2772 | D:3      | 2772 ||| READING 2 scrolls labelled ELUMECHOIRGH.
  2773 | D:3      | 2773 ||| DROPPING scroll of fear.
  2926 | D:4      | Reached skill level 8 in Axes
  3076 | D:4      | Found a staircase to the Ecumenical Temple.
  3079 | D:4      | Noticed Blork the orc
  3086 | D:4      | Killed Blork the orc
  3087 | D:4      | Reached XP level 7. HP: 54/59 MP: 6/6
  3116 | Temple   | Entered the Ecumenical Temple
  3117 | Temple   | 3117 ||| Entered T.
  3123 | Temple   | Became a worshipper of Makhleb the Destroyer
  3353 | Temple   | 3353 ||| UPGRADING to +0 chain mail.
  3363 | Temple   | 3363 ||| DROPPING +0 scale mail.
  3418 | D:4      | Reached skill level 9 in Axes
  3437 | D:4      | 3437 ||| DROPPING +2 flail of draining.
  3478 | D:4      | HP: 15/60 [poisoned by a scorpion]
  3479 | D:4      | 3479 ||| DRINKING potion of heal wounds.
  3483 | D:4      | HP: 13/60 [poisoned by a scorpion]
  3486 | D:4      | HP: 6/60 [poisoned by a scorpion]
  3487 | D:4      | Slain by a scorpion

Levels and vault maps discovered:
D:1:      dpeg_arrival_lava_temple_mockup, layout_basic, basic_ecumenical_altar
D:2:      cheibrodos_fertilizer, layout_basic, serial_shops, shop
D:3:      layout_loops_ring
D:4:      layout_basic, kennysheep_mini_moat, minmay_temple_entry_offerings,
          minmay_quantized, uniq_blork_the_orc
Temple:   nicolae_temple_the_god_donut

Skill      XL: |  1  2  3  4  5  6  7 |
---------------+----------------------+-----
Axes           | 3 4 5 6 7 8 9 |  9.0
Dodging        | 1 |  1.0
Fighting       | 4 |  4.7
Shields        | 4 |  4.0
Armour         | |  3.6

Action                   |  1- 3 |  4- 6 |  7- 9 || total
-------------------------+-------+-------+-------++-------
Melee: War axe           |    90 |   129 |    23 ||   242
       Headbutt          |    13 |    15 |     5 ||    33
  Use: Scroll            |     3 |     2 |       ||     5
       Potion            |       |     2 |     1 ||     3
Armor: Scale mail        |    47 |    47 |       ||    94
       Chain mail        |       |       |    15 ||    15
Dodge: Dodged            |    34 |    32 |     9 ||    75
Block: Kite shield       |    45 |    49 |    19 ||   113

Table legend:
 A = Non-vault XP
 B = Vault XP
 C = Vault XP percentage of total XP
 D = Non-vault monster count
 E = Vault monster count
 F = Vault count percentage of total count
                 A         B        C        D         E       F
            +---------+---------+-------+---------+---------+-------
      Total |     658 |     252 |  27.7 |      84 |      20 |  19.2
            +---------+---------+-------+---------+---------+-------
        D:1 |      53 |       0 |   0.0 |      23 |       0 |   0.0
        D:2 |      33 |     156 |  82.5 |      12 |      19 |  61.3
        D:3 |     143 |       0 |   0.0 |      27 |       0 |   0.0
        D:4 |     429 |      96 |  18.3 |      22 |       1 |   4.3
            +---------+---------+-------+---------+---------+-------
